 Dungeon Crawl Stone Soup version 0.21.0 (webtiles) character file.

30477 hairmachine the Fighter (level 12, 106/106 HPs)
             Began as a Demigod Fire Elementalist on Jan 6, 2018.
             Quit the game in a labyrinth.
             The game lasted 02:25:07 (26463 turns).

hairmachine the Fighter (DgFE)                     Turns: 26463, Time: 02:25:07

Health: 106/106    AC: 13    Str: 13    XL:     12   Next: 91%
Magic:  30/30      EV: 17    Int: 33    God:
Gold:   784        SH: 12    Dex: 25    Spells: 13/30 levels left

rFire    + . .     SeeInvis .   b - +10 spear "Lakecuq" {flame, rPois Int+4 Dex+4}
rCold    . . .     Gourm    .   n - +0 shield
rNeg     . . .     Faith    .   P - +3 ring mail of Moral Flaws {rF+ Int+4 Dex+5 Stlth+}
rPois    +         Spirit   .   l - +0 helmet
rElec    .         Reflect  .   w - +0 cloak
rCorr    .         Harm     .   r - +0 pair of gloves
MR       ++...                  V - +1 pair of boots
Stlth    +++.......             (no amulet)
HPRegen  0.27/turn              O - ring of protection from magic
MPRegen  0.22/turn              x - +3 ring of evasion

@: no status effects
A: high mp 1
a: no special abilities


You were in a labyrinth.
You were near starving.

You visited 3 branches of the dungeon, and saw 17 of its levels.
You also visited: Labyrinth.

You collected 943 gold pieces.
You spent 159 gold pieces at shops.

Inventory:

Hand Weapons
 b - the +10 spear "Lakecuq" (weapon) {flame, rPois Int+4 Dex+4}
   (You found it on level 7 of the Dungeon)

   It has been specially enchanted to burn those struck by it, causing extra
   injury to most foes and up to half again as much damage against particularly
   susceptible opponents.
   It affects your intelligence (+4).
   It affects your dexterity (+4).
   It protects you from poison.
 M - a +0 blowgun
Missiles
 N - 51 poisoned needles
Armour
 l - a +0 helmet (worn)
 n - a +0 shield (worn)
 r - a +0 pair of gloves (worn)
 w - a +0 cloak (worn)
 P - the +3 ring mail of Moral Flaws (worn) {rF+ Int+4 Dex+5 Stlth+}
   (You found it on level 5 of the Lair of Beasts)

   It affects your intelligence (+4).
   It affects your dexterity (+5).
   It protects you from fire.
   It makes you more stealthy.
 V - a +1 pair of boots (worn)
Magical Staves
 a - an uncursed staff of wizardry
Jewellery
 d - an uncursed ring of positive energy
 e - an uncursed ring of protection from fire
 t - an uncursed ring of flight
 x - a +3 ring of evasion (right hand)
 O - a ring of protection from magic (left hand)
Wands
 k - a wand of clouds (7)
 p - a wand of enslavement (12)
 q - a wand of polymorph (12)
 T - a wand of acid (24)
 U - a wand of random effects (21)
Scrolls
 c - 4 scrolls of teleportation
 f - 2 scrolls of blinking
 g - 4 scrolls of fear
 h - a scroll of identify
 u - a scroll of fog {unknown}
 v - a scroll of enchant weapon
 y - 2 scrolls of amnesia
 B - a scroll of random uselessness {unknown}
 C - 3 scrolls of magic mapping
 D - a scroll of vulnerability {unknown}
 E - a scroll of summoning {unknown}
 J - 8 scrolls of remove curse
Potions
 m - 2 potions of agility
 o - a potion of ambrosia
 s - 3 potions of resistance
 z - 2 potions of flight
 A - a potion of curing
 F - a potion of might
 G - a potion of invisibility {unknown}
 H - 2 potions of heal wounds
 I - a potion of mutation {unknown}
 K - a potion of haste
 L - 2 potions of magic
 R - 2 potions of lignification
Books
 i - a book of Flames

   Spells                             Type                      Level
   a - Flame Tongue                   Conjuration/Fire             1
   b - Throw Flame                    Conjuration/Fire             2
   c - Conjure Flame                  Conjuration/Fire             3
   d - Inner Flame                    Hexes/Fire                   3
   e - Sticky Flame                   Conjuration/Fire             4
   f - Fireball                       Conjuration/Fire             5
 Q - a book of Cantrips

   Spells                             Type                      Level
   a - Confusing Touch                Hexes                        1
   b - Animate Skeleton               Necromancy                   1
   c - Summon Small Mammal            Summoning                    1
   d - Apportation                    Translocation                1
Comestibles
 j - 13 rations


   Skills:
 + Level 9.9 Fighting
 + Level 6.2 Polearms
 - Level 5.3 Dodging
 - Level 1.7 Stealth
 * Level 9.2 Shields
 + Level 9.5 Spellcasting
 - Level 7.0 Conjurations
 - Level 7.0 Fire Magic


You had 13 spell levels left.
You knew the following spells:

 Your Spells              Type           Power        Failure   Level  Hunger
a - Flame Tongue          Conj/Fire      #####        1%          1    None
b - Throw Flame           Conj/Fire      ######       1%          2    None
c - Conjure Flame         Conj/Fire      ######..     2%          3    None
d - Sticky Flame          Conj/Fire      ######..     8%          4    None
e - Apportation           Tloc           ###...       14%         1    None
f - Summon Small Mammal   Summ           ###.         14%         1    None
g - Fireball              Conj/Fire      ######....   22%         5    ###....


Dungeon Overview and Level Annotations

Branches:
Dungeon (10/15)            Temple (1/1) D:5            Lair (6/6) D:8
 Shoals (0/4) Lair:2        Snake (0/4) Lair:3        Slime (0/5) Lair:5
    Orc (0/2) D:9

Shops:
D:8 *   D:10 [(

Annotations:
D:1 exclusions: downstairs and jackal
D:2 2 runed doors, exclusion: downstairs, Terence
D:3 exclusion: upstairs, Typee's ghost, amateur GnSk
D:6 exclusion: crimson imp
Lair:4 exclusion: 2 oklob plants


Innate Abilities, Weirdness & Mutations

You have an increased reservoir of magic. (+10% MP)


Message History

You feel strangely unstable.
Your surroundings suddenly seem different.
You are feeling very hungry.
You feel a sudden draft!
Number of times to repeat, then command key: You must enter the number of times for the command to repeat.
Number of times to repeat, then command key: You must enter the number of times for the command to repeat.
You are near starving!
The floor suddenly vibrates beneath you!
You eat one of the 14 rations.
That ration really hit the spot!
The floor suddenly vibrates beneath you!
You hear the creaking of ancient gears!
You hear an odd grinding sound!
You are feeling hungry.
You are feeling very hungry.
You feel a sudden draft!
You are near starving!
You hear the creaking of ancient gears!
Are you sure you want to abandon this character and quit the game? (Confirm with "yes".)

▓.# .#.# .
##.###.# #
# #...# .#
▓.#.###.###
▓.#. #...#
. . # .##
#.### ## #
▓ . #.#...#
.. .###
#.### ####
▓ ...#.@.#
.. . # ▓##
.##### . .
#. .#.#. #
# # ## # #
# # . .. ▓.
# # # . .


There were no monsters in sight!

Vanquished Creatures
  3 hydras
  4 skeletal warriors (D:10)
  A wolf spider (Lair:2)
  A centaur zombie (D:10)
  2 black mambas
  4 elephants
  9 spiny frogs
  7 rime drakes (Lair:4)
  9 komodo dragons
  A queen bee (D:10)
  A troll (D:9)
  3 polar bears
  A hornet (Lair:3)
  A minotaur skeleton (Lab)
  Prince Ribbit (D:8)
  8 blink frogs
  8 hippogriffs
  17 yaks
  5 wyverns
  A wraith (D:10)
  5 basilisks
  A hungry ghost (D:9)
  2 wargs (D:9)
  2 nagas (Lair:3)
  7 water moccasins
  2 porcupines
  2 sky beasts
  3 ice beasts
  2 orc warriors
  5 ogres
  A wolf (Lair:2)
  5 centaurs
  19 crocodiles
  2 big kobolds
  14 bullfrogs
  3 scorpions
  21 killer bees
  8 wights
  A troll skeleton (Lab)
  2 electric eels (Lair:4)
  2 crimson imps (D:5)
  5 jellies
  7 orc priests
  A bullfrog skeleton (D:10)
  A gnoll shaman (D:6)
  5 hounds
  A centaur skeleton (D:7)
  2 iguanas
  6 worker ants
  15 orc wizards
  A hound zombie (D:5)
  A worker ant zombie (D:5)
  11 gnolls
  11 adders
  4 shadow imps
  2 oozes
  An adder zombie (D:5)
  An adder skeleton (D:4)
  2 worms
  A dart slug (D:1)
  7 leopard geckos
  35 orcs
  A ball python (D:3)
  4 bats
  6 giant cockroaches
  5 goblins
  8 hobgoblins
  2 jackals (D:7)
  5 quokkas
  3 frilled lizards
  A jackal skeleton (D:6)
  4 kobolds
  A leopard gecko skeleton (D:5)
  2 quokka skeletons
  2 rats
360 creatures vanquished.

Vanquished Creatures (others)
  4 fungi
  18 plants
22 creatures vanquished.

Grand Total: 382 creatures vanquished

Notes
Turn   | Place    | Note
-------+----------+-------------------------------------------
     0 | D:1      | hairmachine the Demigod Fire Elementalist began the quest for the Orb.
     0 | D:1      | Reached XP level 1. HP: 14/14 MP: 5/5
    58 | D:1      | Reached skill level 1 in Conjurations
   498 | D:1      | Reached XP level 2. HP: 20/20 MP: 5/7
   684 | D:1      | Learned a level 2 spell: Throw Flame
  1545 | D:2      | Reached XP level 3. HP: 26/26 MP: 4/8
  1653 | D:2      | Found a runed door.
  1684 | D:2      | Noticed Terence
  2501 | D:3      | Found a glowing golden altar of the Shining One.
  2579 | D:3      | Noticed Typee's ghost (amateur GnSk)
  2612 | D:2      | Learned a level 3 spell: Conjure Flame
  3023 | D:2      | Found a runed door.
  3233 | D:3      | HP: 1/26 [something (2)]
  3236 | D:3      | Reached XP level 4. HP: 25/33 MP: 0/9
  3918 | D:4      | Noticed an ogre
  3937 | D:4      | Killed an ogre
  3937 | D:4      | Reached XP level 5. HP: 38/38 MP: 3/12
  4348 | D:4      | Noticed an orc warrior
  4352 | D:4      | Killed an orc warrior
  4352 | D:4      | Reached XP level 6. HP: 45/45 MP: 13/13
  4669 | D:4      | Learned a level 4 spell: Sticky Flame
  4761 | D:5      | Entered Level 5 of the Dungeon
  4908 | D:5      | Reached skill level 5 in Fire Magic
  5047 | D:5      | Reached XP level 7. HP: 50/50 MP: 4/15
  6089 | D:5      | Found a staircase to the Ecumenical Temple.
  6095 | Temple   | Entered the Ecumenical Temple
  6267 | D:6      | Found a hazy altar of Hepliaklqana.
  6269 | D:6      | Found a shimmering altar of Xom.
  6270 | D:6      | Found a sacrificial altar of Ru.
  6271 | D:6      | Found an opulent altar of Gozag.
  6271 | D:6      | Found a radiant altar of Vehumet.
  6275 | D:6      | Found a bloodstained altar of Trog.
  6276 | D:6      | Found a stormy altar of Qazlal.
  6494 | D:6      | Reached skill level 1 in Fighting
  6974 | D:6      | Reached skill level 5 in Conjurations
  6974 | D:6      | Reached XP level 8. HP: 59/59 MP: 9/18
  7779 | D:7      | Reached skill level 5 in Spellcasting
  7959 | D:7      | Found an ancient bone altar of Kikubaaqudgha.
  7977 | D:7      | Got an ivory spear
  8119 | D:7      | Learned a level 1 spell: Apportation
  8121 | D:7      | Learned a level 1 spell: Summon Small Mammal
  8948 | D:8      | Found a snail-covered altar of Cheibriados.
  9014 | D:8      | Found Edwusof's General Store.
  9021 | D:8      | Bought a scroll of remove curse for 33 gold pieces
  9021 | D:8      | Bought a scroll of magic mapping for 38 gold pieces
  9021 | D:8      | Bought a ration for 55 gold pieces
  9021 | D:8      | Bought a potion of lignification for 33 gold pieces
  9241 | D:8      | Found a staircase to the Lair.
  9264 | Lair:1   | Entered Level 1 of the Lair of Beasts
  9271 | Lair:1   | Noticed a spiny frog
  9312 | D:8      | Noticed Prince Ribbit
  9318 | D:8      | Killed Prince Ribbit
  9451 | D:8      | Found a shadowy altar of Dithmenos.
  9772 | D:8      | Reached XP level 9. HP: 71/71 MP: 12/21
 10765 | D:9      | Reached skill level 5 in Dodging
 10924 | Lair:1   | Killed a spiny frog
 11042 | Lair:1   | Learned a level 5 spell: Fireball
 11090 | D:8      | Identified the +10 spear "Lakecuq" {flame, rPois Int+4 Dex+4} (You found it on level 7 of the Dungeon)
 11159 | Lair:1   | Reached skill level 5 in Fighting
 11172 | Lair:1   | Reached skill level 1 in Polearms
 11879 | Lair:1   | Reached XP level 10. HP: 75/81 MP: 16/23
 13275 | Lair:2   | Found a staircase to the Shoals.
 14162 | Lair:2   | Noticed an elephant
 14172 | Lair:2   | Reached skill level 1 in Shields
 14188 | Lair:2   | Killed an elephant
 14696 | Lair:3   | Noticed an elephant
 14696 | Lair:3   | Noticed an elephant
 14696 | Lair:3   | Noticed an elephant
 15000 | D:9      | Reached skill level 5 in Polearms
 15000 | D:9      | Reached XP level 11. HP: 90/92 MP: 13/26
 15110 | D:9      | Got a crystal rapier
 15111 | D:9      | Identified the +3 rapier of the Madman {antimagic, Str+5 Dex+6} (You found it on level 9 of the Dungeon)
 15900 | D:9      | Found a staircase to the Orcish Mines.
 16164 | D:9      | Found a sparkling altar of Nemelex Xobeh.
 16274 | D:10     | Entered Level 10 of the Dungeon
 16359 | D:10     | Noticed a skeletal warrior
 16359 | D:10     | Noticed a skeletal warrior
 16637 | D:10     | Killed a skeletal warrior
 16769 | D:10     | Found Udiadeo's Antique Armour Boutique.
 17126 | D:10     | Killed a skeletal warrior
 17184 | D:10     | Noticed a skeletal warrior
 17215 | D:10     | Killed a skeletal warrior
 17263 | D:10     | Noticed a skeletal warrior
 17282 | D:10     | Killed a skeletal warrior
 17282 | D:10     | Reached skill level 5 in Shields
 17690 | D:10     | Found Jaheqow's Weapon Boutique.
 18051 | Lair:3   | Found a staircase to the Snake Pit.
 18545 | Lair:2   | Reached XP level 12. HP: 20/103 MP: 24/28
 19183 | Lair:4   | Noticed a five-headed hydra
 19456 | Lair:4   | Noticed an eight-headed hydra
 19480 | Lair:4   | Killed an eight-headed hydra
 19886 | Lair:4   | Killed a five-headed hydra
 21682 | Lair:5   | Found a staircase to the Slime Pits.
 21756 | Lair:5   | Got a faintly glowing ring mail
 21773 | Lair:5   | Identified the +3 ring mail of Moral Flaws {rF+ Int+4 Dex+5 Stlth+} (You found it on level 5 of the Lair of Beasts)
 22198 | Lair:6   | Entered Level 6 of the Lair of Beasts
 22288 | Lair:6   | Found a labyrinth entrance.
 22288 | Lair:6   | Noticed a five-headed hydra
 22299 | Lair:6   | Killed a five-headed hydra
 22408 | Lab      | Entered a labyrinth
 26463 | Lab      | Quit the game

Skill      XL: |  1  2  3  4  5  6  7  8  9 10 11 12 |
---------------+-------------------------------------+-----
Conjurations   | 1 2 3 4 5 6 7 |  7.0
Fire Magic     | 3 4 5 6 7 |  7.0
Spellcasting   | 2 3 4 5 6 7 8 9 |  9.5
Dodging        | 2 4 5 |  5.3
Fighting       | 1 3 5 7 8 9 |  9.9
Polearms       | 2 5 6 |  6.2
Shields        | 1 6 9 |  9.2
Stealth        | |  1.7

Action                   |  1- 3 |  4- 6 |  7- 9 | 10-12 || total
-------------------------+-------+-------+-------+-------++-------
Melee: Spear             |    24 |     6 |     9 |   433 ||   472
       Staff             |       |       |    20 |     4 ||    24
       Dagger            |       |       |    12 |       ||    12
       Trident           |       |       |     2 |       ||     2
 Fire: Hunting sling     |       |    17 |   151 |       ||   168
Throw: Stone             |     3 |     2 |       |       ||     5
 Cast: Flame Tongue      |    71 |    48 |   170 |    81 ||   370
       Throw Flame       |    19 |     3 |    38 |   104 ||   164
       Conjure Flame     |     5 |     7 |    24 |    38 ||    74
       Sticky Flame      |       |     1 |    37 |   104 ||   142
       Summon Small Mamm |       |       |     2 |       ||     2
       Fireball          |       |       |       |     3 ||     3
Evoke: Wand              |       |     4 |       |     1 ||     5
  Use: Scroll            |     2 |     3 |    11 |    13 ||    29
       Potion            |     1 |     1 |     2 |     3 ||     7
 Stab: Distracted        |       |       |       |     1 ||     1
       Sleeping          |       |       |       |     2 ||     2
  Eat: Chunk             |     5 |     4 |    16 |    27 ||    52
       Ration            |     2 |       |     3 |     6 ||    11
Armor: Robe              |     7 |       |     2 |       ||     9
       Ring mail         |       |       |    43 |     3 ||    46
       Troll leather arm |       |       |     4 |    68 ||    72
Dodge: Dodged            |    16 |     7 |   108 |   308 ||   439
Block: Shield            |       |       |       |    58 ||    58
